 Dungeon Crawl Stone Soup version 0.30.1-4-g462c640d31 (webtiles) character file.

Game seed: 14544801299205522159

43617 Peloso the Carver (level 13, 0/117 HPs)
             Began as a Yellow Draconian Fighter on Sept 4, 2023.
             Was a High Priest of Okawaru.
             Killed by divine providence
             ... invoked by a sphinx
              (12 damage)
             ... on level 12 of the Dungeon.
             The game lasted 00:42:49 (21624 turns).

Peloso the Carver (Yellow Draconian Fighter)       Turns: 21624, Time: 00:42:50

Health: 0/117      AC: 18    Str: 19    XL:     13   Next: 91%
Magic:  13/14      EV: 21    Int:  8    God:    Okawaru [*****.]
Gold:   1104       SH:  8    Dex: 22    Spells: 12/12 levels left

rFire   . . .        a - +8 falchion of Kugecs {flame, Will+}
rCold   . . .        b - +0 buckler
rNeg    . . .        (body armour unavailable)
rPois   .            D - +1 hat
rElec   .            e - +2 cloak {rCorr}
rCorr   +            J - +3 pair of gauntlets of War {Slay+5}
SInv    +            o - +1 pair of boots
Will    +....        (no amulet)
Stlth   ++++         M - +6 ring of dexterity
HPRegen 0.39/turn    v - ring of see invisible
MPRegen 0.14/turn

%: no passive effects
@: no status effects
A: spit acid, AC +8, unfitting armour, cold-blooded, acid resistance
a: Breathe Acid, Renounce Religion, Heroism, Finesse, Duel


You were on level 12 of the Dungeon.
You worshipped Okawaru.
Okawaru was extremely pleased with you.
You visited 4 branches of the dungeon, and saw 17 of its levels.

You collected 1626 gold pieces.
You spent 522 gold pieces at shops.

Inventory:

Hand Weapons
 a - the +8 falchion of Kugecs (weapon) {flame, Will+}
   (Okawaru gifted it to you on level 10 of the Dungeon)

   Will:      It increases your willpower.
Missiles
 c - 3 throwing nets (quivered)
Armour
 b - a +0 buckler (worn)
 e - a +2 cloak of preservation (worn)
 o - a +1 pair of boots (worn)
 D - a +1 hat (worn)
 J - the +3 pair of gauntlets of War (worn) {Slay+5}
   (You bought it in a shop on level 2 of the Orcish Mines)

   Slay:      It affects your accuracy & damage with ranged weapons and melee
   (+5).
 N - a +2 pair of gloves of stealth
Jewellery
 k - a ring of willpower
 l - a ring of ice
 m - a +5 ring of evasion
 t - a +5 ring of evasion
 v - a ring of see invisible (right hand)
 G - a ring of wizardry
 M - a +6 ring of dexterity (left hand)
Wands
 r - a wand of paralysis (12)
 u - a wand of acid (19)
 y - a wand of flame (29)
 B - a wand of mindburst (13)
Scrolls
 f - a scroll of summoning
 g - 4 scrolls of enchant armour
 i - 3 scrolls of enchant weapon
 j - a scroll of immolation {unknown}
 n - a scroll of amnesia
 p - 2 scrolls of blinking
 q - 2 scrolls of silence
 w - a scroll of acquirement
 A - a scroll of fog
 L - a scroll of poison
Potions
 d - a potion of magic
 h - a potion of brilliance
 s - 4 potions of curing
 x - 9 potions of ambrosia
 z - a potion of might
 C - 3 potions of mutation
 E - a potion of invisibility
 H - a potion of haste
 I - a potion of resistance
 K - a potion of berserk rage


   Skills:
 + Level 11.8 Fighting
 + Level 14.4 Long Blades
 + Level 11.6 Dodging
 + Level 6.6 Stealth
 + Level 10.5 Shields
 + Level 1.3 Invocations
 + Level 0.5 Evocations


You had 12 spell levels left.
You didn't know any spells.
Your spell library contained the following spells:

 Spells                   Type           Power      Damage    Failure   Level
 Apportation              Tloc           0%         N/A       45%         1
 Beastly Appendage        Tmut           0%         N/A       45%         1
 Necrotise                Necr           0%         1d4       45%         1
 Shock                    Conj/Air       0%         1d3       45%         1
 Slow                     Hex            0%         N/A       45%         1
 Blink                    Tloc           0%         N/A       58%         2
 Lesser Beckoning         Tloc           0%         N/A       58%         2
 Momentum Strike          Conj/Tloc      0%         3d8       58%         2
 Sublimation of Blood     Necr           0%         N/A       58%         2
 Wereblood                Tmut           0%         N/A       58%         2
 Confusing Touch          Hex            0%         N/A       83%         3
 Spider Form              Tmut/Pois      0%         N/A       83%         3
 Swiftness                Air            0%         N/A       83%         3
 Vampiric Draining        Necr           0%         2d6       83%         3
 Vhi's Electric Charge    Tloc/Air       0%         N/A       83%         3
 Airstrike                Air            0%         2d(0-16)  99%         4
 Passage of Golubria      Tloc           0%         N/A       99%         4
 Agony                    Necr           0%         N/A       100%        5
 Arcjolt                  Conj/Air       0%         1d10      100%        5
 Yara's Violent Unravell  Hex/Tmut       0%         3d3       100%        5
 Maxwell's Capacitive Co  Air            0%         ∞         100%        8
 Summon Small Mammal      Summ           Unusable   N/A       N/A         1
 Tukima's Dance           Hex            Unusable   N/A       N/A         3
 Summon Hydra             Summ           Unusable   N/A       N/A         7

Dungeon Overview and Level Annotations

Branches:
Dungeon (12/15)            Temple (1/1) D:4            Lair (2/5) D:9
  Swamp (0/4) Lair:2          Orc (2/2) D:11            Elf (0/3) Orc:2
  Snake: Lair:2-3    Spider: Lair:2-3

Altars:
Ashenzari
Cheibriados
Dithmenos
Elyvilon
Fedhas
Gozag
Hepliaklqana
Kikubaaqudgha
Makhleb
Nemelex Xobeh
Okawaru
Qazlal
Ru
Sif Muna
Trog
Uskayaw
Vehumet
Wu Jian
Xom
Yredelemnul
Zin
The Shining One
Jiyva

Shops:
D:7 =   D:11 ?   Orc:1 (   Orc:2 [?*[

Annotations:
D:4 3 runed translucent doors, porada001's ghost, novice HOFi
D:8 3 runed translucent doors, tykejmi's ghost, novice DsFi
D:12 Nessos


Innate Abilities, Weirdness & Mutations

You can spit globs of acid.
Your golden yellow scales are hard. (AC +8)
You cannot fit into any form of body armour.
You are cold-blooded and may be slowed by cold attacks.
You are resistant to acid. (rCorr)


Message History

Unknown command.
You slash the basilisk! You burn the basilisk.
The basilisk is almost dead.
Unknown command.
You completely miss the basilisk.
The basilisk is almost dead.
You block the basilisk's attack.
Cornered, the brown ugly thing turns to fight!
Unknown command.
You slash the basilisk! You burn the basilisk.
You kill the basilisk!
Okawaru accepts your kill.
The sphinx mumbles some strange words.
Something smites you!
* * * LOW HITPOINT WARNING * * *
Unknown command.
You slash the centaur warrior simulacrum!
You melt the centaur warrior simulacrum.
You tail-slap the centaur warrior simulacrum, but do no damage.
The centaur warrior simulacrum is severely damaged.
The centaur warrior simulacrum barely misses you.
The centaur warrior simulacrum misses you.
Unknown command.
You slash the centaur warrior simulacrum!
You melt the centaur warrior simulacrum.
The centaur warrior simulacrum vaporises!
Okawaru accepts your kill.
The frost giant seems to regain its courage.
Unknown command.
The sphinx attacks as you move away!
The sphinx hits you but does no damage. x2
The sphinx hits you!
* * * LOW HITPOINT WARNING * * *
The sphinx is engulfed in freezing vapours.
Blink to where?
Press: ? - help, Dir - move target
As you read the scroll of blinking, it crumbles to dust.
Unknown command.
The sphinx casts a spell.
Something smites you!
You die...

........# #######.# # #.# #.#
# ##.####### .#
.#####......... .
............### .#
.#####..#################.#
.####...........@.........#
...)..................)c###
.######.#.######...###.H.##
#.#.# ##..###.###).## #.#.#
#..##.....##..#
#.#.####.##.......##.##
..#####....##..#...###...#c.#
#........#....##..##)##.?##c#
########......#...+||[#...c.#


You could see a sphinx and Nessos (fast).

Vanquished Creatures
  A fire giant (D:12)
  2 orc warlords (Orc:2)
  Fannar (Orc:1)
  An ice dragon (D:12)
  Erica (Orc:1)
  A boulder beetle (D:12)
  4 two-headed ogres
  A death yak (Lair:2)
  Sonja (Orc:1)
  An ugly thing (D:12)
  A necromancer (Lair:2)
  2 orc knights
  4 orc sorcerers
  A deep elf pyromancer (D:12)
  2 cyclopes (D:11)
  2 manticores (D:11)
  2 black mambas
  6 elephants (Lair:2)
  2 torpor snails (Lair:2)
  Maurice (D:10)
  6 cane toads
  A gargoyle (D:12)
  5 komodo dragons
  A freezing wraith (D:11)
  An unseen horror (D:11)
  5 trolls
  A queen bee (Orc:1)
  Grinder (D:3)
  2 tyrant leeches (Lair:2)
  6 blink frogs (Lair:2)
  A shadow (D:6)
  Sigmund (D:3)
  A wraith (D:10)
  A centaur simulacrum (D:12)
  A vampire (D:10)
  2 basilisks
  3 steam dragons
  33 yaks
  2 vampire mosquitoes (D:10)
  Menkaure (D:6)
  4 wargs
  An acid dragon (D:9)
  9 water moccasins
  A sky beast (D:8)
  38 orc warriors
  An ice beast (D:7)
  6 ogres
  5 black bears
  6 wolves (Lair:1)
  A phantom (D:7)
  16 centaurs
  3 kobold brigands
  5 scorpions
  10 bullfrogs
  14 wights
  The ghost of Zeus21348 the Chopper, a weakling HOMo (D:3)
  34 killer bees
  5 howler monkeys (D:9)
  A vampire bat (Lair:1)
  2 jellies
  A hound (D:4)
  3 quasits (D:3)
  Crazy Yiuf (D:3)
  A gnoll bouda (D:5)
  10 orc priests
  3 iguanas
  Jessica (D:2)
  16 orc wizards
  4 yak simulacra (Lair:2)
  4 polar bear simulacra (Lair:2)
  3 wolf simulacra (Lair:2)
  Robin (D:3)
  8 adders
  7 gnolls
  A shadow imp (D:7)
  A white imp (D:6)
  2 ufetubi
  2 worms (D:2)
  A dart slug (D:1)
  87 orcs
  4 endoplasms
  3 giant cockroaches
  18 goblins
  11 hobgoblins
  A jackal (D:1)
  3 quokkas
  13 ball pythons
  13 bats
  A frilled lizard (D:1)
  6 kobolds
  4 rats
509 creatures vanquished.

Vanquished Creatures (others)
  An unseen horror (D:10)
  2 yaks (D:10)
  A gnoll bouda (D:10)
  2 orcs (Orc:2)
6 creatures vanquished.

Grand Total: 515 creatures vanquished

Notes
Turn   | Place    | Note
-------+----------+-------------------------------------------
     0 | D:1      | Peloso the Draconian Fighter began the quest for the Orb.
     0 | D:1      | Reached XP level 1. HP: 19/19 MP: 1/1
   107 | D:1      | Reached XP level 2. HP: 21/26 MP: 2/2
   680 | D:2      | Noticed Jessica
   693 | D:2      | Killed Jessica
   694 | D:2      | Reached XP level 3. HP: 30/33 MP: 3/3
   921 | D:2      | Reached XP level 4. HP: 29/40 MP: 4/4
  1495 | D:3      | Found a faded altar of an unknown god.
  1518 | D:3      | Reached skill level 3 in Long Blades
  1724 | D:3      | Reached XP level 5. HP: 46/46 MP: 5/5
  1844 | D:3      | Noticed Grinder
  1846 | D:3      | Paralysed by Grinder for 2 turns
  1858 | D:3      | HP: 1/46 [Grinder/nerve-wracking pain (14)]
  1862 | D:3      | Killed Grinder
  1863 | D:3      | Reached skill level 4 in Long Blades
  1863 | D:3      | Reached skill level 1 in Stealth
  1863 | D:3      | Reached XP level 6. HP: 2/52 MP: 6/6
  2501 | D:3      | Noticed Robin
  2514 | D:3      | Killed Robin
  2576 | D:3      | Found a transporter.
  2586 | D:3      | Noticed Zeus21348's ghost (weakling HOMo)
  2646 | D:3      | Found a runed translucent door.
  2647 | D:3      | Noticed Crazy Yiuf
  2672 | D:3      | Found a transporter.
  2688 | D:3      | Noticed Sigmund
  2721 | D:3      | Killed Sigmund
  2722 | D:3      | Reached skill level 5 in Long Blades
  2722 | D:3      | Your scales start taking on a golden yellow colour.
  2722 | D:3      | Reached XP level 7. HP: 9/60 MP: 7/7
  2722 | D:3      | Gained mutation: You are resistant to acid. (rCorr) [Yellow
                  | Draconian growth]
  3615 | D:4      | Found a snail-covered altar of Cheibriados.
  3707 | D:4      | Found a sparkling altar of Nemelex Xobeh.
  3964 | D:4      | Found a runed translucent gate.
  3964 | D:4      | Found a runed translucent gate.
  3964 | D:4      | Found a runed translucent gate.
  3965 | D:4      | Found an opulent altar of Gozag.
  3967 | D:4      | Noticed a two-headed ogre
  3967 | D:4      | Noticed porada001's ghost (novice HOFi)
  3991 | D:4      | Found a staircase to the Ecumenical Temple.
  4291 | Temple   | Entered the Ecumenical Temple
  4375 | Temple   | Became a worshipper of Warmaster Okawaru
  4463 | D:5      | Entered Level 5 of the Dungeon
  4473 | D:5      | You fall into a shaft and drop 2 floors!
  4836 | D:7      | Reached skill level 6 in Long Blades
  4851 | D:7      | Reached skill level 5 in Fighting
  5008 | D:7      | Found an ancient bone altar of Kikubaaqudgha.
  5040 | D:7      | Reached XP level 8. HP: 28/65 MP: 8/8
  5169 | D:7      | Found Tittuthru's Jewellery Shoppe.
  5260 | D:6      | Reached * piety under Okawaru
  5489 | D:6      | Noticed Menkaure
  5497 | D:6      | Killed Menkaure
  5715 | D:5      | Reached skill level 7 in Long Blades
  5888 | D:5      | Reached skill level 5 in Dodging
  7163 | D:6      | Reached ** piety under Okawaru
  7164 | D:6      | Reached skill level 5 in Shields
  7338 | D:6      | Found a bloodstained altar of Trog.
  7659 | D:7      | Reached XP level 9. HP: 35/75 MP: 9/9
  7934 | D:7      | Reached skill level 8 in Long Blades
  8708 | D:8      | Reached *** piety under Okawaru
  8787 | D:8      | Reached skill level 9 in Long Blades
  9199 | D:8      | Found a runed translucent gate.
  9317 | D:8      | Found a runed translucent gate.
  9326 | D:8      | Found a runed translucent gate.
  9327 | D:8      | Noticed tykejmi's ghost (novice DsFi)
  9527 | D:8      | Found a viscous altar of Jiyva.
  9616 | D:9      | Noticed a komodo dragon
  9629 | D:9      | Reached **** piety under Okawaru
  9630 | D:9      | Reached XP level 10. HP: 73/86 MP: 10/10
  9900 | D:9      | Reached skill level 10 in Long Blades
  9938 | D:9      | Reached ***** piety under Okawaru
 10096 | D:9      | Noticed a two-headed ogre
 10118 | D:9      | Killed a two-headed ogre
 10416 | D:9      | Found a staircase to the Lair.
 10927 | D:10     | Entered Level 10 of the Dungeon
 11158 | D:10     | Identified the +8 falchion of Kugecs {flame, Will+}
                  | (Okawaru gifted it to you on level 10 of the Dungeon)
 11158 | D:10     | Received a gift from Okawaru
 11207 | D:10     | Reached XP level 11. HP: 29/91 MP: 11/11
 11217 | D:10     | Reached skill level 11 in Long Blades
 11489 | D:10     | Found a shimmering altar of Xom.
 11732 | D:10     | Found a shimmering blue altar of Sif Muna.
 11773 | D:10     | Noticed Maurice
 11782 | D:10     | Killed Maurice
 12127 | D:11     | Noticed a two-headed ogre
 12151 | D:11     | Killed a two-headed ogre
 12403 | D:11     | Found a staircase to the Orcish Mines.
 12634 | D:11     | Found Hozilodui's Magic Scroll Shop.
 12898 | D:3      | Killed Crazy Yiuf
 12983 | D:3      | Killed Zeus21348's ghost
 13252 | D:11     | Reached skill level 12 in Long Blades
 13466 | D:11     | Received a gift from Okawaru
 14143 | D:11     | Identified a scroll of acquirement
 14221 | Lair:1   | Entered Level 1 of the Lair of Beasts
 14554 | Lair:1   | Reached skill level 5 in Stealth
 14893 | Lair:1   | Reached XP level 12. HP: 83/105 MP: 12/12
 16051 | Lair:2   | Noticed a death yak
 16069 | Lair:2   | Killed a death yak
 16096 | Lair:2   | Reached skill level 10 in Dodging
 16275 | Lair:2   | Received a gift from Okawaru
 16372 | Lair:2   | Reached skill level 13 in Long Blades
 16413 | Lair:2   | Reached skill level 10 in Fighting
 16825 | Lair:2   | Reached ****** piety under Okawaru
 17137 | Lair:2   | Found a staircase to the Swamp.
 17163 | Lair:2   | Received a gift from Okawaru
 17510 | Orc:1    | Entered Level 1 of the Orcish Mines
 18132 | Orc:1    | Reached XP level 13. HP: 97/114 MP: 13/13
 18259 | Orc:2    | Entered Level 2 of the Orcish Mines
 18819 | Orc:2    | Found Wozuni Tage's General Store.
 18819 | Orc:2    | Found Haet's Magic Scroll Boutique.
 18821 | Orc:2    | Found Wuukuu Noda's Armour Shop.
 18823 | Orc:2    | Found Gogatt's Antique Armour Shoppe.
 18833 | Orc:2    | Bought the +3 pair of gauntlets of War {Slay+5} for 522
                  | gold pieces
 18833 | Orc:2    | Found the +3 pair of gauntlets of War {Slay+5}
 19165 | Orc:2    | Noticed an orc warlord
 19186 | Orc:2    | Found a staircase to the Elven Halls.
 19263 | Orc:2    | Noticed an orc warlord
 19265 | Orc:2    | Identified the +1 pair of gloves of the Morning Star
                  | {*Corrode rF- Str+3 Dex+9} (Okawaru gifted it to you on
                  | level 2 of the Orcish Mines)
 19265 | Orc:2    | Received a gift from Okawaru
 19844 | Orc:2    | Reached skill level 10 in Shields
 19921 | Orc:2    | Killed an orc warlord
 20067 | Orc:2    | Killed an orc warlord
 20075 | Orc:2    | Reached skill level 14 in Long Blades
 20557 | Orc:1    | Noticed Erica
 20576 | Orc:1    | Killed Erica
 20596 | Orc:1    | Noticed Fannar
 20614 | Orc:1    | Killed Fannar
 20656 | Orc:1    | Found Noepip's Antique Weapon Shoppe.
 20740 | Orc:1    | Noticed Sonja
 20776 | Orc:1    | Reached skill level 1 in Invocations
 20779 | Orc:1    | Killed Sonja
 21512 | D:12     | Noticed a sphinx
 21517 | D:12     | Noticed a fire giant
 21517 | D:12     | Noticed a frost giant
 21602 | D:12     | Noticed Nessos
 21612 | D:12     | Killed a fire giant
 21624 | D:12     | Killed from afar by a sphinx

Illustrated notes

Levels and vault maps discovered:
D:1:      dpeg_arrival_houses_and_road, layout_rooms, st_stairs_2
D:2:      layout_loops_ring, minmay_split_cup_small, uniq_jessica
D:3:      layout_loops_ring, nicolae_ecumenical_pavilion,
          gammafunk_ghost_stat_death, saegor_snake_ambush,
          uniq_crazy_yiuf_cottage, uniq_sigmund, uniq_robin, uniq_grinder
D:4:      layout_basic, nicolae_overflow_hidden_temple,
          nicolae_overflow_crystal_walls, minmay_temple_entry_butterflies,
          ebering_ghost_gozag, chequers_serial_rivers_small_b
D:5:      wander_river, layout_layer_cave, corexii_shack
D:6:      layout_loops_corners, mainiacjoe_overflow_chevrons, uniq_menkaure
D:7:      layout_basic, old_standard_altar, serial_shops, kennysheep_little_box,
          corexii_checkpoint_b
D:8:      layout_basic, special_room [special_room_orc], gammafunk_ghost_ooze,
          minmay_tree_intersection, serial_bayou_lagoon_a,
          minmay_fractal_squares_5
D:9:      layout_roguey, due_lair_maze_entry_diamond
D:10:     layout_basic, mainiacjoe_overflow_alcove_4, xom_confusion_cloud,
          uniq_maurice
D:11:     layout_stronghold, orc_0_dummy, serial_shops, shop_scrolls
D:12:     layout_loops_ring, minmay_checkered_concentric_circles, uniq_nessos
Temple:   nicolae_temple_elliptical
Lair:1:   layout_cave_pods, minmay_holes, roderic_batcave
Lair:2:   layout_chaotic_city, minmay_swamp_entry_worms, eino_house_with_fridge,
          grunt_megastairs_2
Orc:1:    layout_diamond_mine, special_room [special_room_bee], serial_shops,
          shop, uniq_sonja, uniq_fannar, uniq_erica
Orc:2:    st_orc_rangers, layout_diamond_mine

Skill      XL: |  1  2  3  4  5  6  7  8  9 10 11 12 13 |
---------------+----------------------------------------+-----
Dodging        | 3 4 5 6 8 9 10 11 | 11.6
Long Blades    | 3 4 5 6 7 9 10 12 13 14 | 14.4
Fighting       | 4 5 6 7 8 9 10 11 | 11.8
Stealth        | 1 2 3 4 5 6 |  6.6
Shields        | 4 5 6 8 9 10 | 10.5
Invocations    | 1 |  1.3
Evocations     | |  0.5

Action                     |  1- 3 |  4- 6 |  7- 9 | 10-12 | 13-15 || total
---------------------------+-------+-------+-------+-------+-------++-------
  Melee: Long sword        |    94 |   199 |   357 |       |       ||   650
         Tailslap          |     7 |    29 |    80 |   152 |    81 ||   349
         Falchion          |       |       |   172 |   916 |   449 ||  1537
 Invoke: Heroism           |       |       |       |     4 |     8 ||    12
Ability: Breathe Acid      |       |       |     2 |     2 |     3 ||     7
  Evoke: Wand              |       |       |       |       |     3 ||     3
    Use: Scroll            |       |     2 |     1 |    22 |     4 ||    29
         Potion            |       |     4 |       |     2 |       ||     6
   Stab: Sleeping          |       |     2 |     3 |    16 |     2 ||    23
         Distracted        |       |     1 |     1 |       |       ||     2
 Armour: Skin              |    37 |    66 |   115 |   215 |   121 ||   554
  Dodge: Dodged            |    87 |   108 |   415 |   794 |   432 ||  1836
  Block: Buckler           |    36 |    58 |   148 |   341 |   207 ||   790
